 Dungeon Crawl Stone Soup version 0.30-b1-2-g02819fbbbe (webtiles) character file.

Game seed: 8446262181228079985

75 raph the Poker (level 4, -4/33 HPs)
             Began as a Merfolk Gladiator on July 25, 2023.
             Slain by Crazy Yiuf
             ... wielding a +2 quarterstaff of chaos
              (9 damage)
             ... on level 2 of the Dungeon.
             The game lasted 00:03:13 (1861 turns).

raph the Poker (Merfolk Gladiator)                  Turns: 1861, Time: 00:03:13

Health: -4/33      AC:  6    Str: 14    XL:     4   Next: 31%
Magic:  4/4        EV: 13    Int:  7    God:
Gold:   43         SH:  0    Dex: 17    Spells: 3/3 levels left

rFire   . . .        a - +1 trident
rCold   . . .        (no shield)
rNeg    . . .        b - +0 leather armour
rPois   .            q - +2 helmet
rElec   .            (no cloak)
rCorr   .            (no gloves)
SInv    .            (no boots)
Will    .....        (no amulet)
Stlth   +            (no ring)
HPRegen 0.25/turn    (no ring)
MPRegen 0.09/turn

%: no passive effects
@: mighty, hasted and slowed
A: (nimble swimmer 2), mertail
a: no special abilities


You were on level 2 of the Dungeon.
You visited 1 branch of the dungeon, and saw 2 of its levels.

You collected 113 gold pieces.
You spent 70 gold pieces at shops.

Inventory:

Hand Weapons
 a - a +1 trident (weapon)
Missiles
 d - 4 throwing nets (quivered)
 e - a javelin
 n - 4 curare-tipped darts
Armour
 b - a +0 leather armour (worn)
 c - a +0 helmet
 q - a +2 helmet (worn)
Wands
 j - a wand of roots (7)
Scrolls
 f - a scroll of identify
 g - a scroll of teleportation
Potions
 h - a potion of haste
 k - a potion of berserk rage
 p - 3 potions of curing


   Skills:
 - Level 2.1 Fighting
 + Level 6.6 Polearms
 - Level 2.0 Throwing
 - Level 4.0 Dodging


You had 3 spell levels left.
You didn't know any spells.
Your spell library was empty.

Dungeon Overview and Level Annotations

Branches:
Dungeon (2/15)

Altars:

Shops:
D:2 ?

Annotations:
D:2 Crazy Yiuf


Innate Abilities, Weirdness & Mutations

((You are very nimble when in or above water. (Stealth+, EV+, Speed+++)))
Your lower body shifts to a powerful aquatic tail in water.


Message History

You open the door. You open the door.
There is an open door here.
Found a stone staircase leading down.
There is a stone staircase leading down here.
There is an open door here.
There is a stone staircase leading up here.
Partly explored, can't reach some places.
Partly explored, can't reach some places.
You hit the fungus.
The fungus begins to die.
The fungus is lightly damaged.
You start waiting.
A nearby fungus withers and dies.
Found a fading hammer.
Found a runed translucent door.
Crazy Yiuf shouts!
You open the door. You hit Crazy Yiuf.
Crazy Yiuf is moderately wounded.
Crazy Yiuf hits you with a +2 quarterstaff of chaos.
Crazy Yiuf burns you.
You hit Crazy Yiuf but do no damage.
Crazy Yiuf is moderately wounded.
Crazy Yiuf closely misses you.
You hit Crazy Yiuf.
Crazy Yiuf is heavily wounded.
Crazy Yiuf hits you with a +2 quarterstaff of chaos!
Crazy Yiuf freezes you.
You feel very mighty all of a sudden.
Crazy Yiuf hits you with a +2 quarterstaff of chaos!
* * * LOW HITPOINT WARNING * * *
You feel yourself speed up.
You hit Crazy Yiuf.
Crazy Yiuf is severely wounded.
You closely miss Crazy Yiuf.
Crazy Yiuf is severely wounded.
Crazy Yiuf hits you but does no damage.
You feel yourself slow down.
You hit Crazy Yiuf.
Crazy Yiuf is almost dead.
Crazy Yiuf hits you with a +2 quarterstaff of chaos!
You die...

### ######## #..
##..P.#.### ### #..
##...P..#.@##...#
#######..
####....P.####g'...#
#.....'..
####........##
###..)# #######..
.........#### ###
#.. ##.......# #..
...#.....# #..
..##.)...##### #..
#............#
############# #..
###..........#
#...........# ###


You could see Crazy Yiuf.

Vanquished Creatures
  Robin (D:2)
  An adder (D:2)
  A worm (D:2)
  A dart slug (D:1)
  An orc (D:2)
  A ball python (D:2)
  2 endoplasms (D:1)
  4 giant cockroaches
  13 goblins
  6 hobgoblins
  3 quokkas
  2 frilled lizards
  6 kobolds
  2 rats (D:2)
44 creatures vanquished.

Vanquished Creatures (others)
  A fungus (D:2)
1 creature vanquished.

Grand Total: 45 creatures vanquished

Notes
Turn   | Place    | Note
-------+----------+-------------------------------------------
     0 | D:1      | raph the Merfolk Gladiator began the quest for the Orb.
     0 | D:1      | Reached XP level 1. HP: 16/16 MP: 1/1
   314 | D:1      | Reached XP level 2. HP: 22/22 MP: 2/2
   430 | D:1      | Reached skill level 5 in Polearms
   833 | D:2      | Reached XP level 3. HP: 12/27 MP: 3/3
  1183 | D:2      | Reached skill level 6 in Polearms
  1218 | D:2      | Found Zucvoev's Magic Scroll Emporium.
  1224 | D:2      | Noticed Robin
  1280 | D:2      | Killed Robin
  1281 | D:2      | Reached XP level 4. HP: 12/33 MP: 4/4
  1513 | D:2      | Bought a scroll of teleportation for 42 gold pieces
  1513 | D:2      | Bought a scroll of identify for 28 gold pieces
  1849 | D:2      | Found a runed translucent door.
  1850 | D:2      | Noticed Crazy Yiuf
  1861 | D:2      | Slain by Crazy Yiuf

Illustrated notes

Levels and vault maps discovered:
D:1:      wander_arrival_fairy_ring, layout_loops_ring,
          kennysheep_decorative_pillar, grunt_decor_fettered
D:2:      layout_basic, serial_shops, nicolae_shop_just_a_little_nook,
          nicolae_concentric_dashed_squares_mild, uniq_robin,
          uniq_crazy_yiuf_cottage

Skill      XL: |  1  2  3 |
---------------+----------+-----
Polearms       | 5 6 |  6.6
Fighting       | |  2.1
Throwing       | |  2.0
Dodging        | |  4.0

Action                     |  1- 3 |  4- 6 || total
---------------------------+-------+-------++-------
  Melee: Trident           |   131 |    22 ||   153
         Punch             |     4 |       ||     4
    Use: Scroll            |       |    10 ||    10
         Potion            |       |     1 ||     1
   Stab: Sleeping          |     1 |       ||     1
 Armour: Leather armour    |    30 |     4 ||    34
  Dodge: Dodged            |    68 |     5 ||    73
